 Dungeon Crawl Stone Soup version 0.30-a0-311-gf115ab0292 (webtiles) character file.

Game seed: 13622840558432155342

9 blackman the Sneak (level 2, -3/18 HPs)
             Began as a Vampire Delver on Oct 25, 2022.
             Was a Follower of Uskayaw.
             Slain by Ijyb
             ... wielding a +0 dagger
              (4 damage)
             ... on level 3 of the Dungeon.
             The game lasted 00:06:42 (700 turns).

blackman the Sneak (Vampire Delver)                  Turns: 700, Time: 00:06:42

Health: -3/18      AC:  6    Str: 11    XL:     2   Next: 6%
Magic:  2/2        EV: 12    Int: 12    God:    Uskayaw [*.....]
Gold:   81         SH:  0    Dex: 15    Spells: 1/1 levels left

rFire   . . .      SeeInvis +    a - +0 short sword
rCold   + + .      Faith    .    (no shield)
rNeg    + + +      Spirit   .    b - +0 leather armour
rPois   ∞          Reflect  .    c - +0 helmet
rElec   .          Harm     .    (no cloak)
rCorr   .          Rampage  .    (no gloves)
Will    .....                    (no boots)
Stlth   +++++.....               (no amulet)
HPRegen 0.00/turn                (no ring)
MPRegen 0.08/turn                (no ring)

@: bloodless, inhibited regen
A: bloodless, fangs 3, see invisible, vampiric 1, iridescent scales 1, wild
magic 1
a: Revivify, Renounce Religion, Stomp


You were on level 3 of the Dungeon.
You worshipped Uskayaw.
Uskayaw was noncommittal.
You visited 1 branch of the dungeon, and saw 3 of its levels.

You collected 81 gold pieces.

Inventory:

Hand Weapons
 a - a +0 short sword (weapon)
 d - a +0 dagger
Armour
 b - a +0 leather armour (worn)
 c - a +0 helmet (worn)
Wands
 g - a wand of digging (1)


   Skills:
 - Level 2.6 Fighting
 - Level 2.1 Short Blades
 - Level 2.1 Dodging
 - Level 7.2 Stealth
 * Level 2.7 Hexes


You had one spell level left.
You didn't know any spells.
Your spell library was empty.

Dungeon Overview and Level Annotations

Branches:
Dungeon (5/15)
 Temple: D:4-7

Altars:
Makhleb
Ru
Uskayaw

Annotations:
D:3 Ijyb


Innate Abilities, Weirdness & Mutations

You do not regenerate when monsters are visible.
You are frail without blood (-20% HP).
You can heal yourself when you bite living creatures.
You are immune to poison.
You have razor-sharp teeth.
You have supernaturally acute eyesight. (SInv)
You are afflicted with vampirism.
You are partially covered in iridescent scales. (AC +2)
Your spells are a little harder to cast, but a little more powerful.


Message History

* * * LOW HITPOINT WARNING * * *
It was a potion of mutation.
You feel extremely strange.
You feel less in control of your magic.
Iridescent scales grow over part of your body.
Ijyb hits you but does no damage.
It was a potion of magic.
Magic courses through your body. Ijyb closely misses you.
Unknown command.
Unknown command.
You hit Ijyb but do no damage.
Ijyb is severely wounded.
Ijyb misses you.
You don't have enough magic capacity.
Unknown command.
Okay, then.
Unknown command.
Okay, then.
Unknown command.
Unknown command.
You hit Ijyb.
Ijyb is severely wounded.
Ijyb closely misses you.
You closely miss Ijyb.
Ijyb is severely wounded.
Ijyb hits you but does no damage.
You barely miss Ijyb.
Ijyb is severely wounded.
Ijyb hits you but does no damage.
You hit Ijyb but do no damage.
Ijyb is severely wounded.
Ijyb hits you but does no damage.
You hit Ijyb but do no damage.
Ijyb is severely wounded.
You hit Ijyb. You bite Ijyb, but do no damage.
Ijyb is severely wounded.
Ijyb barely misses you.
You hit Ijyb but do no damage.
Ijyb is severely wounded.
Ijyb hits you with a +0 dagger.
You die...

#.#.. ....... #.##.#.#
....... #.##.#.#
.......###.##.#.#
........##.##.†.#
....J...##.####.#
........##.####.#####...
...........##...........
#g@..>...≈.≈≈≈≈≈.≈.
#...#....≈.......≈.
##..#....≈.≈...≈.≈.
#.......≈.≈._.≈.≈.
##......≈.≈...≈.≈.
#......≈.......≈.
........≈.≈≈≈≈≈.≈.
.#.............


You could see Ijyb and an endoplasm (asleep).

Vanquished Creatures
  2 orcs (D:3)
  An endoplasm (D:3)
  2 goblins (D:3)
  A quokka (D:3)
6 creatures vanquished.

Vanquished Creatures (others)
  55 plants (D:5)
55 creatures vanquished.

Grand Total: 61 creatures vanquished

Notes
Turn   | Place    | Note
-------+----------+-------------------------------------------
     0 | D:5      | blackman the Vampire Delver began the quest for the Orb.
     0 | D:5      | Reached XP level 1. HP: 17/17 MP: 1/1
     5 | D:5      | Noticed a scorpion
    17 | D:5      | Found a burning altar of Makhleb.
   274 | D:5      | Found a hide-covered altar of Uskayaw.
   282 | D:5      | Became a worshipper of Uskayaw the Reveller
   290 | D:5      | Noticed an ogre
   295 | D:4      | Noticed a scorpion
   332 | D:3      | Reached * piety under Uskayaw
   334 | D:3      | Reached skill level 1 in Hexes
   335 | D:3      | Reached ** piety under Uskayaw
   340 | D:3      | Reached *** piety under Uskayaw
   371 | D:3      | Reached XP level 2. HP: 8/18 MP: 2/2
   657 | D:3      | Found a sacrificial altar of Ru.
   668 | D:3      | Noticed Ijyb
   691 | D:3      | Gained mutation: Your spells are a little harder to cast,
                  | but a little more powerful. [potion of mutation]
   691 | D:3      | Gained mutation: You are partially covered in iridescent
                  | scales. (AC +2) [potion of mutation]
   700 | D:3      | Slain by Ijyb

Illustrated notes

Levels and vault maps discovered:
D:3:      minmay_angry_zag, layout_basic, mainiacjoe_overflow_cross_hatched,
          uniq_ijyb, uniq_terence
D:4:      layout_loops_ring, chequers_jeans, columned_hall_lemuel, uniq_pikel
D:5:      wad_woods_stonehenge, layout_basic, eat_drink_and_be_merry_uskayaw,
          nicolae_overflow_crystal_walls, amcnicky_altar_gilded,
          mainiacjoe_overflow_paths, cheibrodos_sewer_entry_sluice

Skill      XL: |  1 |
---------------+----+-----
Hexes          | 2 |  2.7
Fighting       | |  2.6
Short Blades   | |  2.1
Dodging        | |  2.1
Stealth        | |  7.2

Action                   || total
-------------------------++-------
Melee: Short sword       ||    41
       Bite              ||     7
       Punch             ||     1
 Abil: Exsanguinate      ||     1
Evoke: Wand              ||     2
  Use: Scroll            ||     3
       Potion            ||     3
 Stab: Sleeping          ||     3
Armor: Leather armour    ||     7
Dodge: Dodged            ||    17

Table legend: (Time is in decaauts)
 A = Elapsed time spent in this place.
 B = Non-inter-level travel time spent in this place.
 C = Inter-level travel time spent in this place.
 D = Time resting spent in this place.
 E = Time spent auto-exploring this place.
 F = Levels seen in this place.
 G = Mean time per level.
                   A        B        C        D        E       F      G
               +--------+--------+--------+--------+--------+-----+--------+
         Total |    675 |    662 |     13 |    354 |     85 |   3 |  225.0 |
       Dungeon |    675 |    662 |     13 |    354 |     85 |   3 |  225.0 |
               +--------+--------+--------+--------+--------+-----+--------+

Top non-repeatable levels by time:
     D:3: 390 daAuts
     D:5: 282 daAuts
     D:4: 2 daAuts
